[Event "*** Titled Tuesday Blitz"]
[Site "Chess.com"]
[Date "2018.01.02"]
[Round "2"]
[White "Th3ChessViking"]
[Black "ChristopherYoo"]
[Result "0-1"]
[WhiteElo "2410"]
[BlackElo "2285"]
[TimeControl "180+2"]
[EndTime "13:25:04 PST"]
[Termination "ChristopherYoo won by resignation"]

1. d4 Nf6 2. Nf3 g6 3. Bf4 Bg7 4. e3 d5 5. h3 a6 6. Bd3 O-O 7. O-O c5 8. c3 Nbd7 9. Nbd2 b5 10. Bh2 Bb7 11. Ne5 Rc8 12. f4 Ne4 13. Ndf3 e6 14.
Nxd7 Qxd7 15. Ne5 Qd8 16. Bxe4 dxe4 17. dxc5 Rxc5 18. Qxd8 Rxd8 19. Rfd1 Rcd5 20. Rd4 f6 21.
Ng4 h5 22. Nf2 f5 23. Rxd5 Rxd5 24. Rd1 a5 25. Kf1 b4 26. Rxd5 Bxd5 27. cxb4 Bxb2 28. a3 axb4 29. axb4 Bc3 30. g4 Bxb4 31. gxh5 gxh5 32.
Nh1 Bc4+ 33. Kg2 Be2 34. Ng3 Bf3+ 35. Kf2 h4 36. Nf1 Kf7 37. Bg1 Ke8 38. Nh2 Bh5 39. Kg2 Be1 40. Bf2 Bxf2 41. Kxf2 Kd7 42. Nf1 Kc6 43.
Nd2 Kc5 44. Nb3+ Kd5 45. Nd4 Bg6 46. Nb5 e5 47. Nc7+ Kd6 48. Nb5+ Kc5 49. Nc7 Kc6 50.
Ne6 Kd6 51. Ng5 exf4 52. exf4 Kd5 53. Ke3 Be8 54. Nh7 Bb5 55. Nf6+ Ke6 56. Nh7 Bf1 57.
Ng5+ Kf6 58. Kd4 Bg2 59. Ke3 Bf1 60. Kf2 Bc4 61. Ke3 Bg8 62. Kd4 Bf7 63. Nh7+ Ke7 64.
Ng5 Bh5 65. Ke3 Bg6 66. Kd4 Kd6 67. Kc4 Ke7 68. Kd4 Kf6 69. Kc4 Ke7 70. Kd4 Kd7 71. Kc4 Kc6 72. Ne6 Bf7 73. Kd4 Bxe6 0-1

[Event "*** Titled Tuesday Blitz"]
[Site "Chess.com"]
[Date "2018.01.02"]
[Round "2"]
[White "ST-Sandavagur"]
[Black "Alexander_Moskalenko"]
[Result "1/2-1/2"]
[WhiteElo "2520"]
[BlackElo "2748"]
[TimeControl "180+2"]
[EndTime "13:25:06 PST"]
[Termination "Game drawn by agreement"]

1. e4 e5 2. Nf3 Nc6 3. Bc4 Nf6 4. d3 Bc5 5. c3 d6 6. Bb3 O-O 7. Nbd2 h6 8. h3 a5 9. Nf1 Be6 10. g4 d5 11. Qe2 dxe4 12. dxe4 Bxb3 13. axb3 Qe7 14.
g5 hxg5 15. Bxg5 Qe6 16. Ng3 Rfe8 17. Rg1 Nh7 18. Nf5 Bf8 19. Qc4 Nxg5 20. Nxg5 Qxc4 21.
bxc4 f6 22. Nf3 Kf7 23. h4 Nd8 24. Kd2 Ne6 25. Kc2 Nc5 26. Ng3 c6 27. Rgd1 a4 28.
Ne1 g6 29. Nd3 Red8 30. h5 gxh5 31. Nxc5 Bxc5 32. Nxh5 Rxd1 33. Rxd1 Rh8 34. Ng3 Rh2 35. Rd7+ Ke6 36. Rxb7 Rxf2+ 37. Kb1 Rf4 38. Rc7 Rg4 39. Rxc6+ Kd7 40. Rxc5 Rxg3 41. Ra5 Re3 42. Ra6 Rxe4 43. Rxf6 Rxc4 44. Kc2 Rc6 45. Rf7+ Ke6 46. Ra7 Rc4 47. Kd3 Rh4 48. c4 Rh3+ 49. Ke4 Rh4+ 50. Kd3 Rh2 51. Rxa4 Rxb2 52. Ke4 Re2+ 53. Kf3 Re1 54. c5 Rc1 55. Ra6+ Kd5 56. Rd6+ Kxc5 57. Rd8 Re1 58. Rd7 Kc6 59. Rd8 Kc7 60. Rd5 Kc6 61. Rd8 Rh1 62. Ke4 Rh5 63. Rd1 Rg5 64. Rd2 Rh5 65.
Rd1 Kb6 66. Rd5 Rh4+ 67. Kxe5 Kc6 68. Rd1 Rc4 69. Ke6 Re4+ 1/2-1/2

[Event "*** Titled Tuesday Blitz"]
[Site "Chess.com"]
[Date "2018.01.02"]
[Round "2"]
[White "attack2mateU"]
[Black "RobertoJBM"]
[Result "1/2-1/2"]
[WhiteElo "2628"]
[BlackElo "2558"]
[TimeControl "180+2"]
[EndTime "13:25:07 PST"]
[Termination "Game drawn - insufficient material"]

1. e4 c6 2. d4 d5 3. e5 Bf5 4. Be3 Qb6 5. Qc1 e6 6. c4 dxc4 7. Bxc4 Nd7 8. Nc3 Rc8 9. Nf3 Qd8 10. O-O Ne7 11. Qd2 Nb6 12. Bb3 Ned5 13. Bg5 Be7 14. Rfe1 O-O 15. Ne4 Bxe4 16. Rxe4 Bxg5 17. Nxg5 h6 18.
Nf3 c5 19. Rg4 Kh8 20. Rh4 Kg8 21. Rxh6 gxh6 22. Qxh6 Qe7 23. Ng5 f6 24. Qg6+ Qg7 25. Qxg7+ Kxg7 26. Nxe6+ Kf7 27. Nxf8 Kxf8 28. dxc5 Rxc5 29.
exf6 Nxf6 30. f3 a5 31. a4 Nbd5 32. Kf2 Nb4 33. Rd1 Nfd5 34. Rd4 Ke7 35. h4 Kf6 36. h5 Ne7 37. Rd6+ Kg5 38. g4 Kh4 39. h6 Rc8 40. Re6 Ned5 41. Bxd5 Nxd5 42. Re5 Nf4 43. Ke3 Kg3 44. h7 Rh8 45. Rxa5 Rxh7 46. Re5 Rd7 47.
g5 Rd3+ 48. Ke4 Rxf3 49. g6 Nxg6 50. Rg5+ Kf2 51. Rxg6 Rb3 52. a5 Rxb2 53. Rb6 Ra2 54. Rb5 Ke2 55. Kd5 Kd3 56. Kc5 Kc3 57. Kb6 Kc4 58.
Rc5+ Kb4 59. Rh5 Ra1 60. Rh4+ Kc3 61. Rh7 Kb4 62. Rh5 Ra2 63. Rb5+ Kc4 64. Rc5+ Kb4 65.
Rh5 Ra1 66. Rh4+ Kc3 67. Kb5 Rb1+ 68. Kc5 Ra1 69. Rh3+ Kc2 70. Kb4 Rb1+ 71. Kc4 Kd2 72.
Rd3+ Kc2 73. Rd6 Ra1 74. Kb4 Rb1+ 75. Kc5 Kc3 76. Rb6 Ra1 77. Rb5 Ra2 78. Kd6 Kc4 79. Rh5 Kb4 80. Kc7 Rxa5 81. Rxa5 Kxa5 82. Kxb7 1/2-1/2

[Event "*** Titled Tuesday Blitz"]
[Site "Chess.com"]
[Date "2018.01.02"]
[Round "2"]
[White "tteshan"]
[Black "aa175"]
[Result "1/2-1/2"]
[WhiteElo "2018"]
[BlackElo "1905"]
[TimeControl "180+2"]
[EndTime "13:26:49 PST"]
[Termination "Game drawn - insufficient material"]

1. d4 d5 2. c4 dxc4 3. Nf3 Nf6 4. e3 g6 5. Bxc4 Bg7 6. O-O O-O 7. Nc3 Bg4 8. Be2 Nbd7 9. h3 Bxf3 10. Bxf3 c6 11. Qc2 e5 12. Rd1 Qc7 13. dxe5 Nxe5 14. Be2 Rad8 15. Bd2 a6 16. e4 c5 17. Bf4 Nf3+ 18. Bxf3 Qxf4 19. Rxd8 Rxd8 20. Rd1 Rxd1+ 21. Qxd1 h5 22.
Qd3 Qc1+ 23. Nd1 Qa1 24. a3 b5 25. Kh2 Qc1 26. Qd8+ Kh7 27. Qd6 Qc2 28. Qxa6 Nxe4 29. Bxe4 Qxe4 30. Qxb5 Qc2 31. Qd7 Qb3 32. Qd2 Qb8+ 33.
g3 Qb7 34. Qc2 Qb6 35. b3 Qd6 36. Ne3 Qe7 37. Qc4 Qa7 38. a4 Qb6 39. Qb5 Qf6 40.
Qe2 Qc3 41. Qc2 Qf6 42. Nd1 Qb6 43. Ne3 Qd6 44. Nc4 Qc7 45. Ne3 h4 46. Nf1 hxg3+ 47. fxg3 Qd6 48. Qd2 Qa6 49. Ne3 Qb7 50. Qd5 Qb4 51. Ng2 Kg8 52. Qa8+ Kh7 53. Qd5 Kg8 54. Nf4 Qe1 55. Qd8+ Kh7 56. Qd3 Qf2+ 57. Ng2 Qb2 58. a5 Qa3 59. a6 Qa1 60. Nh4 Qa2+ 61. Ng2 Qa1 62. Qe2 Bd4 63. Ne3 Bxe3 64. Qxe3 Qxa6 65. Qxc5 Qa2+ 66. Kg1 Qxb3 67. Qf2 Qb1+ 68. Kg2 Qe4+ 69. Qf3 Qc2+ 70. Kf1 Qc1+ 71. Ke2 Kg7 72. Qg4 Qc2+ 73.
Kf3 Qd1+ 74. Kf4 Qf1+ 75. Ke5 Qf6+ 76. Ke4 Qc6+ 77. Ke3 Qc3+ 78. Kf2 Qd2+ 79. Qe2 Qd4+ 80.
Qe3 Qb2+ 81. Kf3 Qb7+ 82. Qe4 Qb3+ 83. Kf4 Qb2 84. Qe5+ Qxe5+ 85. Kxe5 f5 86. Ke6 Kh7 87. Kf6 Kh6 88. Ke5 Kg5 89. Ke6 f4 90. h4+ Kh5 91. gxf4 Kxh4 92. Kf6 Kh5 93. Ke5 Kg4 94. Ke4 Kh5 95. Kf3 Kh6 96. Kg4 Kg7 97. Kg5 Kf7 98.
Kg4 Kf6 99. Kf3 Kf5 100. Kg3 g5 101. fxg5 Kxg5 1/2-1/2

[Event "*** Titled Tuesday Blitz"]
[Site "Chess.com"]
[Date "2018.01.02"]
[Round "2"]
[White "Robert_Chessmood"]
[Black "Korchmar_Vasiliy"]
[Result "1/2-1/2"]
[WhiteElo "2728"]
[BlackElo "2516"]
[TimeControl "180+2"]
[EndTime "13:29:14 PST"]
[Termination "Game drawn by 50-move rule"]

1. e4 e5 2. Nf3 Nc6 3. Nc3 Nf6 4. d4 exd4 5. Nxd4 Bb4 6. Nxc6 bxc6 7. Bd3 d5 8. exd5 O-O 9. O-O cxd5 10. h3 c6 11. Qf3 Bd6 12. Re1 Rb8 13. b3 Be6 14.
Bf4 Rb4 15. Bxd6 Qxd6 16. Rad1 c5 17. Bf1 Rbb8 18. Ne2 Bd7 19. Qf4 Qa6 20. Nc3 Qa5 21. Qd2 d4 22. Ne4 Qxd2 23. Nxf6+ gxf6 24. Rxd2 Rfe8 25. Rde2 Rxe2 26. Rxe2 Kf8 27. f3 a5 28. Kf2 a4 29.
Re1 Bf5 30. Rc1 Ra8 31. Bd3 Bxd3 32. cxd3 axb3 33. axb3 Ra2+ 34. Kg3 Rb2 35. Rxc5 Rxb3 36. Kf4 Rxd3 37. g4 Kg7 38. Rd5 Rd1 39. h4 h6 40. Ke4 Re1+ 41. Kxd4 Re2 42. Kd3 Re1 43. Rc5 Rh1 44. h5 Re1 45. Kd2 Re6 46. Rb5 Re7 47. Rb3 Re6 48. Re3 Ra6 49. Re4 Ra5 50. Rf4 Re5 51.
Kd3 Re6 52. Re4 Ra6 53. Ke3 Ra5 54. Kf4 Rb5 55. Rd4 Ra5 56. Ke4 Rb5 57. Rd5 Rb3 58. f4 Rg3 59. Kf5 Ra3 60. Rb5 Rc3 61. Rb4 Rc5+ 62. Ke4 Rc1 63. Ra4 Re1+ 64. Kf5 Rc1 65.
Ra5 Rc2 66. Rd5 Rc1 67. Rd4 Rc5+ 68. Ke4 Rc1 69. Kd5 Rg1 70. f5 Re1 71. Kd6 Rg1 72. Kd7 Rg2 73. Ke8 Re2+ 74. Kd8 Rg2 75. Rc4 Rd2+ 76.
Ke7 Re2+ 77. Kd6 Re1 78. Rd4 Re2 79. Kd7 Re1 80. Kd8 Re2 81. Rd7 Kf8 82. Rd6 Kg7 83.
Rd4 Kf8 84. Kd7 Re3 85. Kd6 Re2 86. Kd5 Re3 87. Re4 Rd3+ 88. Kc4 Rd1 89. Rd4 Re1 90.
Kd3 Re5 91. Rd6 Kg7 92. Rc6 Re1 93. Rc4 Re5 94. Re4 Ra5 95. Ke3 Ra3+ 96. Kf4 Ra1 97. Rd4 Re1 98. Kf3 Re5 99. Rd6 Re7 100. Kf4 Re8 101. Rd4 Re7 102. Re4 Ra7 103. Ke3 Ra3+ 104. Kd4 Ra4+ 105. Kd5 Ra5+ 106. Kc6 Ra6+ 107. Kd7 Ra7+ 108. Kc8 Ra8+ 109. Kb7 Ra1 110. Rd4 Rc1 111. Kb6 Rc2 112. Kb5 Rb2+ 113. Kc6 Re2 114. Kd7 Kf8 115. Kd6 Re3 116. Kc7 Rc3+ 117. Kd6 Re3 118. Kd5 Re5+ 119. Kc6 Re3 120. Rd8+ Kg7 121. Kc5 Rc3+ 122. Kb5 Rb3+ 123. Kc4 Rg3 124. Rd4 Re3 125. Kd5 Re5+ 126. Kc6 Re3 127. Kd5 Re5+ 128. Kd6 Re3 129. Kd7 Kf8 130. Kc7 Rc3+ 131. Kd6 Re3 132. Kc6 Rc3+ 133. Kd5 Re3 134. Re4 Rd3+ 135. Kc4 Rd1 136. Re3 Kg7 137. Rg3 Rd2 138. Kc5 Rd1 139. Kc6 1/2-1/2

[Event "*** Titled Tuesday Blitz"]
[Site "Chess.com"]
[Date "2018.01.02"]
[Round "3"]
[White "Mikhail_Golubev"]
[Black "jup1978"]
[Result "1-0"]
[WhiteElo "2135"]
[BlackElo "2191"]
[TimeControl "180+2"]
[EndTime "13:31:41 PST"]
[Termination "Mikhail_Golubev won by resignation"]

1. e4 e5 2. Nf3 Nc6 3. Bc4 Bc5 4. b4 Bxb4 5. c3 Ba5 6. d4 d6 7. O-O Bb6 8. dxe5 dxe5 9. Qb3 Qe7 10. Ba3 Bc5 11.
Bxc5 Qxc5 12. Bxf7+ Kf8 13. Bxg8 Rxg8 14. Ng5 Qe7 15.
Nxh7+ Ke8 16. Qxg8+ 1-0

[Event "*** Titled Tuesday Blitz"]
[Site "Chess.com"]
[Date "2018.01.02"]
[Round "3"]
[White "Tonychess32"]
[Black "inegrepus"]
[Result "1-0"]
[WhiteElo "2413"]
[BlackElo "2118"]
[TimeControl "180+2"]
[EndTime "13:33:09 PST"]
[Termination "Tonychess32 won by resignation"]

1. e4 c5 2. Nf3 Nc6 3. d4 cxd4 4. Nxd4 e5 5. Nb5 d6 6. N1c3 a6 7. Na3 Be7 8. Nd5 Nf6 9. Nxf6+ Bxf6 10. Be2 O-O 11.
O-O Rb8 12. c4 Nd4 13. Nc2 Nxe2+ 14. Qxe2 Bg5 15. Bxg5 Qxg5 16. Rfd1 Rd8 17. a4 Be6 18.
Ne3 Rbc8 19. b3 f5 20. exf5 Bxf5 21. Qf3 Rf8 22. Qxb7 Bh3 23. Rxd6 Rb8 24. Qd5+ Kh8 25. c5 Rxb3 26. Qxb3 1-0

[Event "*** Titled Tuesday Blitz"]
[Site "Chess.com"]
[Date "2018.01.02"]
[Round "3"]
[White "NormWeinstein"]
[Black "Slmctk"]
[Result "0-1"]
[WhiteElo "2309"]
[BlackElo "2353"]
[TimeControl "180+2"]
[EndTime "13:33:33 PST"]
[Termination "Slmctk won on time"]

1. e4 e6 2. d4 d5 3. Nd2 dxe4 4. Nxe4 Bd7 5. Bd3 Bc6 6. Nf3 Nd7 7.
Qe2 Ngf6 8. Bd2 Nxe4 9. Bxe4 Bxe4 10. Qxe4 c6 11. O-O-O Be7 0-1

[Event "*** Titled Tuesday Blitz"]
[Site "Chess.com"]
[Date "2018.01.02"]
[Round "3"]
[White "windking123"]
[Black "Markov_Mikhail"]
[Result "1-0"]
[WhiteElo "2427"]
[BlackElo "2540"]
[TimeControl "180+2"]
[EndTime "13:33:47 PST"]
[Termination "windking123 won by resignation"]

1. Nf3 Nf6 2. c4 e6 3. g3 d5 4. d4 Be7 5. Bg2 O-O 6. Nbd2 Nbd7 7. O-O c5 8. e3 b6 9. cxd5 exd5 10. b3 Bb7 11. Bb2 Rc8 12. Rc1 Re8 13. Qe2 Qc7 14. Rfd1 Qb8 15. Ne5 Nxe5 16. dxe5 Ne4 17. Nxe4 dxe4 18.
Qc4 Qa8 19. e6 f6 20. Rd7 Bc6 21. Rcd1 Kf8 22. Qe2 Kg8 23. Qh5 g6 24. Qh6 Rcd8 25. Bxf6 1-0

[Event "*** Titled Tuesday Blitz"]
[Site "Chess.com"]
[Date "2018.01.02"]
[Round "3"]
[White "1stSecond"]
[Black "TheFlaminGM"]
[Result "0-1"]
[WhiteElo "2481"]
[BlackElo "2676"]
[TimeControl "180+2"]
[EndTime "13:33:48 PST"]
[Termination "TheFlaminGM won by resignation"]

1. d4 d6 2. Nf3 g6 3. c4 Bg7 4. Nc3 Nd7 5. e4 e5 6. Be3 Ngf6 7. h3 exd4 8. Nxd4 O-O 9. g4 Nb6 10. Be2 Re8 11. Qc2 Qe7 12. Bd3 d5 13. cxd5 Nfxd5 14. exd5 Bxd4 15. O-O-O Bxc3 16. Qxc3 Nxd5 17. Qd4 Nxe3 18.
Rde1 Be6 19. Rxe3 Rad8 20. Qc3 Qd6 21. Rhe1 Qf4 22. Kb1 Qxf2 23. Qxc7 Rxd3 0-1

[Event "*** Titled Tuesday Blitz"]
[Site "Chess.com"]
[Date "2018.01.02"]
[Round "3"]
[White "Frolik67"]
[Black "eldur16"]
[Result "0-1"]
[WhiteElo "2448"]
[BlackElo "2493"]
[TimeControl "180+2"]
[EndTime "13:33:53 PST"]
[Termination "eldur16 won by resignation"]

1. e4 g6 2. d4 Bg7 3. Nf3 d6 4. c4 Nf6 5. Nc3 O-O 6. Be2 e5 7. O-O Nc6 8. dxe5 dxe5 9. Qc2 Nd4 10. Nxd4 exd4 11. Rd1 c5 12. Nd5 Nxd5 13. cxd5 b6 14. Bf4 Kh8 15. Bf3 Bb7 16. Rac1 f5 17. b4 Rc8 18.
bxc5 Rxc5 19. Qe2 fxe4 20. Qxe4 Bxd5 0-1

[Event "*** Titled Tuesday Blitz"]
[Site "Chess.com"]
[Date "2018.01.02"]
[Round "3"]
[White "pKiLz5Rn9b"]
[Black "JordiQC"]
[Result "1-0"]
[WhiteElo "2611"]
[BlackElo "1853"]
[TimeControl "180+2"]
[EndTime "13:33:54 PST"]
[Termination "pKiLz5Rn9b won by resignation"]

1. b3 d5 2. Bb2 Nf6 3. Nf3 Bf5 4. g3 e6 5. Bg2 h6 6. O-O Be7 7. c4 c6 8. Nc3 O-O 9. d3 a6 10. Qc2 b5 11. Rfd1 dxc4 12. bxc4 bxc4 13. Ne5 cxd3 14. Nxd3 Qc7 15. Rac1 Bh7 16. Na4 Nd5 17. e4 Nb6 18. Be5 Qa7 19. Bd4 N8d7 20. Nxb6 Nxb6 21. Ne5 c5 22.
Nc6 Qd7 23. Nxe7+ Qxe7 24. Bxc5 Rfe8 25. Bxe7 Rxe7 26. Qc6 Rb8 27. Qxb6 1-0

[Event "*** Titled Tuesday Blitz"]
[Site "Chess.com"]
[Date "2018.01.02"]
[Round "3"]
[White "rasool78"]
[Black "hypert"]
[Result "1-0"]
[WhiteElo "2241"]
[BlackElo "2281"]
[TimeControl "180+2"]
[EndTime "13:33:55 PST"]
[Termination "rasool78 won by resignation"]

1. e4 c5 2. Nc3 Nc6 3. f4 g6 4. Nf3 Bg7 5. Bb5 e6 6. Bxc6 bxc6 7. O-O Ne7 8. d3 O-O 9. Qe1 d5 10. e5 Nf5 11. Na4 c4 12. d4 Rb8 13. c3 Qe7 14. g4 Nh6 15. h3 f5 16. exf6 Bxf6 17. g5 Bg7 18. gxh6 Bxh6 19. Rf2 Bxf4 20. Bxf4 Rxf4 21.
Qe5 1-0

[Event "*** Titled Tuesday Blitz"]
[Site "Chess.com"]
[Date "2018.01.02"]
[Round "3"]
[White "Th3ChessViking"]
[Black "luisgui16"]
[Result "0-1"]
[WhiteElo "2399"]
[BlackElo "2259"]
[TimeControl "180+2"]
[EndTime "13:34:05 PST"]
[Termination "luisgui16 won on time"]

1. c4 Nf6 2. g3 g6 3. Bg2 Bg7 4. Nf3 O-O 5. O-O d6 6. Nc3 Nbd7 7. d3 c6 8. Rb1 Nh5 9. Bd2 f5 10. b4 Ne5 11. a4 f4 0-1

[Event "*** Titled Tuesday Blitz"]
[Site "Chess.com"]
[Date "2018.01.02"]
[Round "3"]
[White "StellarChessPro"]
[Black "TrickyTrapChess"]
[Result "0-1"]
[WhiteElo "2381"]
[BlackElo "2252"]
[TimeControl "180+2"]
[EndTime "13:34:12 PST"]
[Termination "TrickyTrapChess won by checkmate"]

1. d4 Nf6 2. Bg5 d5 3. Bxf6 gxf6 4. e3 e5 5. c4 c6 6. cxd5 cxd5 7. Nc3 Bb4 8. Bb5+ Nc6 9. Qa4 Bxc3+ 10. bxc3 Bd7 11. Ne2 a6 12. Bxc6 Bxc6 13. Qb4 Rg8 14. Ng3 Qd7 15. O-O e4 16. c4 a5 17. Qb3 Qg4 18. cxd5 Bd7 19.
Qxb7 Rd8 20. d6 f5 21. f3 Qg5 22. fxe4 Qxe3+ 23. Kh1 f4 24. Nf5 Qe2 25. Rae1 Qxg2# 0-1

[Event "*** Titled Tuesday Blitz"]
[Site "Chess.com"]
[Date "2018.01.02"]
[Round "3"]
[White "MatthewG-p4p"]
[Black "Korchmar_Vasiliy"]
[Result "0-1"]
[WhiteElo "2622"]
[BlackElo "2539"]
[TimeControl "180+2"]
[EndTime "13:34:26 PST"]
[Termination "Korchmar_Vasiliy won by resignation"]

1. c4 e5 2. Nc3 Nc6 3. g3 Bc5 4. Bg2 d6 5. Nf3 a6 6. O-O Ba7 7. d3 Nge7 8. Rb1 O-O 9. b4 f5 10. a4 f4 11. e3 fxg3 12. fxg3 a5 13. b5 Nb4 14. Qe2 Bg4 15. h3 Bh5 16. Ba3 Nf5 17. Bxb4 axb4 18. Ne4 Nxe3 19. Rf2 Nxg2 20. c5 d5 21. Kxg2 dxe4 22. Qxe4 Bxf3+ 23. Rxf3 Rxf3 24. Kxf3 Qf8+ 25. Kg2 Bxc5 26. Rf1 Qd6 27. Qxb7 Rd8 28. Kh2 Qxd3 29. Qxc7 Qe2+ 0-1

[Event "*** Titled Tuesday Blitz"]
[Site "Chess.com"]
[Date "2018.01.02"]
[Round "3"]
[White "geeeeri"]
[Black "tomsishere"]
[Result "1-0"]
[WhiteElo "2393"]
[BlackElo "2245"]
[TimeControl "180+2"]
[EndTime "13:34:37 PST"]
[Termination "geeeeri won by resignation"]

1. e4 c5 2. Nf3 e6 3. d3 Nc6 4. Nbd2 Nf6 5. g3 Be7 6. Bg2 O-O 7. O-O Qc7 8. Re1 d6 9. Nf1 Bd7 10. h4 b5 11. N1h2 a5 12. Bg5 h6 13. Be3 d5 14. e5 Ne8 15. Bf4 Qd8 16. h5 f5 17.
exf6 Bxf6 18. c3 b4 19. Qd2 Nc7 20. Ng4 bxc3 21. bxc3 Nb5 22. Nxf6+ Qxf6 23. Ne5 Nxe5 24. Rxe5 Rab8 25. Rae1 d4 26. c4 Nc3 27. Rxc5 Rb6 28. Be5 Qe7 29. Bxd4 Na4 30. Rxa5 Rbb8 31. Ra7 Qd6 32.
Be5 1-0

[Event "*** Titled Tuesday Blitz"]
[Site "Chess.com"]
[Date "2018.01.02"]
[Round "3"]
[White "DiogenesSinopeus"]
[Black "gmjlh"]
[Result "0-1"]
[WhiteElo "2410"]
[BlackElo "2591"]
[TimeControl "180+2"]
[EndTime "13:34:40 PST"]
[Termination "gmjlh won by resignation"]

1. d4 d5 2. c4 e6 3. Nc3 Nf6 4. cxd5 exd5 5. Bg5 c6 6. e3 Be7 7. Bd3 Nbd7 8. Qc2 Nh5 9. Bxe7 Qxe7 10. Nge2 g6 11. O-O O-O 12. Rab1 a5 13. a3 Ng7 14.
Rfc1 Nb6 15. Na4 Nxa4 16. Qxa4 Bf5 17. Bxf5 Nxf5 18. Rc5 Rfe8 19. Re1 Qd8 20. Qb3 Re7 21. Nf4 Nxd4 22. Qd1 Ne6 23. Nxe6 Rxe6 24. Qb3 Qe7 25.
Rd1 Qxc5 0-1

[Event "*** Titled Tuesday Blitz"]
[Site "Chess.com"]
[Date "2018.01.02"]
[Round "3"]
[White "Vamostodorecto"]
[Black "NTBT_DHS"]
[Result "0-1"]
[WhiteElo "2362"]
[BlackElo "2535"]
[TimeControl "180+2"]
[EndTime "13:34:45 PST"]
[Termination "NTBT_DHS won by resignation"]

1. d4 Nf6 2. c4 g6 3. Nc3 Bg7 4.
e4 d6 5. Be2 O-O 6. Nf3 e5 7. O-O Nc6 8. d5 Ne7 9. Ne1 Nd7 10. Be3 f5 11. f3 f4 12. Bf2 g5 13.
Rc1 Ng6 14. c5 dxc5 15. b4 Nf6 16. bxc5 g4 17. Kh1 g3 18. Bg1 gxh2 19. Bf2 Nh5 20.
d6 c6 21. Bc4+ Kh8 22. Rb1 Rb8 23. Qa4 a6 24. Qc2 Bf6 25. Rb6 Bh4 26. Kxh2 Bg3+ 27. Bxg3 fxg3+ 28. Kg1 Qh4 29. Rf2 Nhf4 0-1

[Event "*** Titled Tuesday Blitz"]
[Site "Chess.com"]
[Date "2018.01.02"]
[Round "3"]
[White "OparinGrigoriy"]
[Black "johnathan113"]
[Result "1-0"]
[WhiteElo "2723"]
[BlackElo "2407"]
[TimeControl "180+2"]
[EndTime "13:34:49 PST"]
[Termination "OparinGrigoriy won by resignation"]

1. e4 c5 2. Nf3 g6 3. d4 cxd4 4. Nxd4 Nc6 5. c4 Bg7 6. Nc2 Nf6 7. Nc3 O-O 8. Be2 d6 9. O-O Be6 10. Rb1 Rc8 11. Bd2 Nd7 12. b3 Nc5 13. f3 a5 14. Kh1 f5 15. exf5 Bxf5 16. Rc1 Nd3 17. Bxd3 Bxd3 18. Re1 Ne5 19. Nd5 e6 20. Nf4 Bf5 21.
Nd4 Qd7 22. g4 Nd3 23. Nxd3 Bxd3 24. Nxe6 Bb2 25. Nxf8 Rxf8 26. Bc3 Bxc1 27. Qxd3 Bf4 28. Qd5+ Rf7 29. Kg2 Kf8 30. Re4 g5 31. Qxa5 h5 32.
Qa8+ 1-0

[Event "*** Titled Tuesday Blitz"]
[Site "Chess.com"]
[Date "2018.01.02"]
[Round "3"]
[White "SquashMaestro"]
[Black "Saitama_Hero"]
[Result "0-1"]
[WhiteElo "2254"]
[BlackElo "2179"]
[TimeControl "180+2"]
[EndTime "13:34:49 PST"]
[Termination "Saitama_Hero won by resignation"]

1. d4 c5 2. d5 Nf6 3. c4 g6 4. Nc3 Bg7 5. e4 d6 6. Bg5 O-O 7. f3 e6 8. Qd2 h6 9. Be3 exd5 10. cxd5 a6 11. a4 Re8 12. Bd3 Nbd7 13. Nge2 Kh7 14. g4 Ne5 15. O-O Nfd7 16. h3 Qh4 17. Kg2 Nxd3 18. Qxd3 Ne5 19. Qc2 f5 20. exf5 gxf5 21. Bf2 Qf6 22. Ng3 Kh8 23. Nh5 Qg6 24. Nxg7 Qxg7 25.
Rae1 fxg4 26. fxg4 Bxg4 27. hxg4 Qxg4+ 28. Bg3 Rg8 29. Ne4 h5 30. Rf4 Qxf4 31. Rh1 Qf3+ 32.
Kh2 Ng4+ 33. Kh3 Qxh1+ 0-1

[Event "*** Titled Tuesday Blitz"]
[Site "Chess.com"]
[Date "2018.01.02"]
[Round "3"]
[White "aquiles88"]
[Black "Alohamora11"]
[Result "1-0"]
[WhiteElo "2065"]
[BlackElo "2094"]
[TimeControl "180+2"]
[EndTime "13:34:51 PST"]
[Termination "aquiles88 won by resignation"]

1. g3 d5 2. Bg2 c6 3. Nf3 Bg4 4.
O-O Nd7 5. h3 Bxf3 6. Bxf3 e5 7.
d3 f5 8. e4 Ngf6 9. exf5 Bc5 10. c3 O-O 11. d4 Bd6 12. dxe5 Nxe5 13. Bg2 Ne4 14. g4 Qh4 15. Nd2 Nxg4 16. Qxg4 Qf6 17.
Nxe4 dxe4 18. Bxe4 Rae8 19. Bg2 Qe5 20. f4 Qc5+ 21. Kh1 Rxf5 22. Bd2 h5 23. Qf3 Rd5 24. Be1 Re3 25. Qf2 Rf5 26. Bd2 Rd3 27. Qxc5 Bxc5 28.
Be4 Rxd2 29. Bxf5 g5 30. fxg5 Bd6 31. Rad1 1-0

[Event "*** Titled Tuesday Blitz"]
[Site "Chess.com"]
[Date "2018.01.02"]
[Round "3"]
[White "PenguinPacks"]
[Black "SabinaFoisor"]
[Result "0-1"]
[WhiteElo "2170"]
[BlackElo "2314"]
[TimeControl "180+2"]
[EndTime "13:35:13 PST"]
[Termination "SabinaFoisor won by resignation"]

1. e4 e5 2. Nf3 Nc6 3. Bb5 a6 4.
Ba4 Nf6 5. O-O Be7 6. Re1 b5 7. Bb3 O-O 8. a4 Rb8 9. d3 b4 10.
Nbd2 d6 11. a5 h6 12. Nc4 Re8 13. Ne3 Bf8 14. Bc4 Nd4 15. c3 bxc3 16. bxc3 Ne6 17.
Nf5 Nf4 18. Bxf4 exf4 19. N5d4 Qd7 20. Qd2 c5 21. Ne2 g5 22. h4 Qg4 23. hxg5 hxg5 24. Rab1 Rxb1 25. Rxb1 Qh5 26. Rb6 Bg4 27. Nxf4 gxf4 28.
Qxf4 Bg7 29. Rb7 d5 30. exd5 Bxf3 31. gxf3 Re1+ 32. Kg2 Qh1+ 0-1

[Event "*** Titled Tuesday Blitz"]
[Site "Chess.com"]
[Date "2018.01.02"]
[Round "3"]
[White "AljoschaFeuerstack"]
[Black "Alexander_Moskalenko"]
[Result "0-1"]
[WhiteElo "1812"]
[BlackElo "2748"]
[TimeControl "180+2"]
[EndTime "13:35:16 PST"]
[Termination "Alexander_Moskalenko won by resignation"]

1. e4 g6 2. d4 Bg7 3. c3 d6 4. Bd3 Nf6 5. Nf3 O-O 6. h3 c6 7.
O-O Nbd7 8. Re1 e5 9. Na3 Qc7 10. Nc2 Re8 11. Bd2 b6 12. a4 a5 13. b4 Bb7 14.
Qb1 axb4 15. cxb4 exd4 16. Ncxd4 d5 17. exd5 Rxe1+ 18. Qxe1 Nxd5 19. Bc4 N7f6 20. Qb1 Re8 21. Qb3 Ne4 22. Re1 Bf8 23. b5 Nxd2 24. Qc2 Nxf3+ 0-1

[Event "*** Titled Tuesday Blitz"]
[Site "Chess.com"]
[Date "2018.01.02"]
[Round "3"]
[White "chesstatour"]
[Black "Laico"]
[Result "0-1"]
[WhiteElo "2040"]
[BlackElo "2169"]
[TimeControl "180+2"]
[EndTime "13:35:26 PST"]
[Termination "Laico won on time"]

1. c4 e5 2. Nc3 Nc6 3. Nf3 f5 4. d4 e4 5. Ng5 Bb4 6. g3 Bxc3+ 7. bxc3 Nf6 8. Bg2 O-O 9. O-O d6 10. Rb1 Na5 11. c5 d5 12. Qa4 c6 13. Nh3 Nc4 14. e3 Qe7 15. Re1 h6 16. Bf1 Be6 17. Qb3 Rab8 18.
a4 g5 19. Qb4 Qd7 20. Kh1 f4 21. exf4 Bxh3 22. fxg5 Bxf1 23. Rxf1 Qh3 24. Bf4 Ng4 0-1

[Event "*** Titled Tuesday Blitz"]
[Site "Chess.com"]
[Date "2018.01.02"]
[Round "3"]
[White "VeraNebolsina"]
[Black "PinguInTheCity"]
[Result "1-0"]
[WhiteElo "2132"]
[BlackElo "2076"]
[TimeControl "180+2"]
[EndTime "13:35:31 PST"]
[Termination "VeraNebolsina won on time"]

1. e4 d6 2. d4 Nd7 3. Nc3 e5 4. Nf3 Ngf6 5. Be2 Be7 6. O-O c6 7. h3 Qc7 8. Be3 h6 9. a4 Nf8 10. d5 g5 11. dxc6 bxc6 12. Nh2 Ng6 13. Ng4 Ng8 14.
f3 1-0

[Event "*** Titled Tuesday Blitz"]
[Site "Chess.com"]
[Date "2018.01.02"]
[Round "3"]
[White "Tash_Boy"]
[Black "FairChess_on_YouTube"]
[Result "0-1"]
[WhiteElo "2523"]
[BlackElo "2742"]
[TimeControl "180+2"]
[EndTime "13:35:54 PST"]
[Termination "FairChess_on_YouTube won by resignation"]

1. e4 c5 2. Nf3 e6 3. d4 cxd4 4.
Nxd4 Nc6 5. Nc3 a6 6. Nxc6 bxc6 7.
Bd3 d5 8. O-O Nf6 9. Qe2 Be7 10.
b3 O-O 11. Bb2 Bb7 12. Rfe1 Re8 13. Rad1 c5 14. Qf3 d4 15. Nb1 Nd7 16. Na3 Ne5 17. Qe2 Nxd3 18. cxd3 a5 19. Rc1 a4 20. bxa4 Rxa4 21.
Rc4 Qd7 22. Rec1 Rea8 23. Rxa4 Rxa4 24. Qc2 Ba6 25. Rb1 Rb4 26. Bc1 Rxb1 27. Qxb1 Qa4 28. h3 Qd1+ 29. Kh2 Bd6+ 30. g3 Bxd3 31. Qb6 Bxe4 0-1